cohdb
Replays
Latest Replays
All Replays
Popular Replays
Top Player Replays
Match Explorer
How It Works
Community
CoH3 Stats
Reddit
Sign in to upload your games and track your stats! →
Sign in with Steam
Match 33540835
Unlisted
Match 33540835
Overview
Messages
Build Orders
End
Construct Infanterie Kompanie
Kettenkrad Recon Vehicle
GrW 34 Mortar Team
MG 42 Machine Gun Team
Construct Luftwaffe Kompanie
Jäger Squad
Jäger Squad
Jäger Squad
Jäger Squad
Support Elements
Selects Mechanized Battlegroup
Selects Raid Package
Selects Raid Package
Selects Mobile Repair Stations
Wirbelwind Flakpanzer
Construct Panzergrenadier Kompanie
Nebelwerfer 42 Rocket Launcher Team
GERMAX
tosh
Only a NoOb
Skorzeny
Bruistablet
Professor gibberish
Miffy
sh333p
0
0
Comments
sign in to comment!
No comments posted yet!